 Dungeon Crawl Stone Soup version 0.29.1-15-g9cfb28693d (webtiles) character file.

Game seed: 14784985311485971275

70144 Gabide the Brawler (level 14, 0/119 HPs)
             Began as a Mummy Berserker on Apr 14, 2023.
             Was an Elder of Trog.
             Killed from afar by a lindwurm (32 damage)
             ... with a blast of flame
             ... on level 12 of the Dungeon.
             The game lasted 00:47:41 (23396 turns).

Gabide the Brawler (Mummy Berserker)               Turns: 23396, Time: 00:47:42

Health: 0/119      AC: 15    Str: 36    XL:     14   Next: 93%
Magic:  14/14      EV: 16    Int:  6    God:    Trog [****..]
Gold:   1091       SH:  5    Dex: 13    Spells: 13/13 levels left

rFire   . . .      SeeInvis .     - Unarmed
rCold   + . .      Faith    .   (no shield)
rNeg    + + +      Spirit   .   B - +2 ring mail {rF+}
rPois   ∞          Reflect  +   K - +2 hat "Vuetseul" {Drain rPois Regen+ rCorr}
rElec   .          Harm     .   J - +0 cloak
rCorr   +          Rampage  .   o - +0 pair of gloves
Will    +++..                   b - +2 pair of boots
Stlth   +.........              E - amulet of reflection
HPRegen 2.09/turn               f - +6 ring of strength
MPRegen 0.14/turn               D - +6 ring of strength

@: strong-willed, regenerating
A: cold resistance 1, negative energy resistance 3, torment resistance 2, heat
vulnerability 1, in touch with death 2, no potions
a: Renounce Religion, Trog's Hand, Brothers in Arms


You were on level 12 of the Dungeon.
You worshipped Trog.
Trog was greatly pleased with you.
You visited 2 branches of the dungeon, and saw 17 of its levels.
You also visited: Sewer.

You collected 1447 gold pieces.
You spent 356 gold pieces at shops.

Inventory:

Hand Weapons
 a - the +8 mithril axe "Arga" {speed, Will+}
   (You found it on level 3 of the Dungeon)

   Attacks with this weapon are significantly faster.
   Will:      It increases your willpower.
Missiles
 e - 30 poisoned darts
 l - a throwing net
 t - 7 boomerangs
 u - 3 silver javelins
 H - 6 javelins (quivered)
Armour
 b - a +2 pair of boots (worn)
 k - a scarf of shadows
 o - a +0 pair of gloves (worn)
 s - a +2 helmet
 B - a +2 ring mail of fire resistance (worn)
 J - a +0 cloak (worn)
 K - the +2 hat "Vuetseul" (worn) {Drain rPois Regen+ rCorr}
   (You found it on level 4 of the Lair of Beasts)

   rPois:     It protects you from poison.
   Regen:     It increases your rate of health regeneration.
   rCorr:     It protects you from acid and corrosion.
   Drain:     It drains your maximum health when unequipped.
Jewellery
 c - a +4 ring of protection
 f - a +6 ring of strength (left hand)
 p - a +4 ring of protection
 D - a +6 ring of strength (right hand)
 E - an amulet of reflection (around neck)
 G - a +4 ring of evasion
Wands
 n - a wand of flame (8)
 v - a wand of polymorph (7)
 x - a wand of quicksilver (12)
 C - a wand of mindburst (13)
 I - a wand of charming (8)
Scrolls
 d - 7 scrolls of immolation
 g - 14 scrolls of teleportation
 h - a scroll of silence
 i - 5 scrolls of blinking
 j - 6 scrolls of enchant weapon
 m - 2 scrolls of fog
 q - 9 scrolls of identify
 r - 3 scrolls of magic mapping
 w - a scroll of torment
 y - 3 scrolls of vulnerability
 z - a scroll of summoning
 A - 4 scrolls of poison


   Skills:
 + Level 13.7 Fighting
 - Level 4.0 Armour
 + Level 11.6 Dodging
 * Level 15.8 Unarmed Combat


You had 13 spell levels left.
You didn't know any spells.
Your spell library was empty.

Dungeon Overview and Level Annotations

Branches:
Dungeon (12/15)            Temple (0/1) D:7            Lair (5/5) D:11
 Shoals (0/4) Lair:2        Snake (0/4) Lair:2        Slime (0/5) Lair:5
    Orc (0/2) D:11          Sewer (visited)

Altars:
Kikubaaqudgha
Qazlal
Ru
Sif Muna
Trog
Uskayaw
Wu Jian
Xom
Yredelemnul
Jiyva

Shops:
D:1 (!   D:5 (   D:6 *?!*?(

Annotations:
Lair:1 3 runed translucent doors, TangoThomas's ghost, journeyman DsCA


Innate Abilities, Weirdness & Mutations

You are immune to poison.
Your flesh is cold resistant. (rC+)
You are immune to negative energy. (rN+++)
You are immune to unholy pain and torment.
You are vulnerable to heat. (rF-)
You are strongly in touch with the powers of death.
You do not drink.


Message History

The glob of lava hits you!
* * * LOW HITPOINT WARNING * * *
Your orc warrior closely misses the lindwurm.
Your orc hits the lindwurm with a +0 hand axe.
Your orc closely misses the lava snake.
You see here a boulder beetle corpse.
Something bites your orc.
Your orc is engulfed in flames.
Your orc dies!
Your orc's corpse dissolves into shadows!
Your orc warrior hits the lindwurm with a +0 short sword.
Your orc warrior hits the lindwurm with a +0 glaive!
Throw: throwing net
Press: ? - help, Shift-Dir - straight line, f - lindwurm
Aim: a lindwurm (lightly wounded, ally target, 77% to hit)
Okay, then.
Unknown command.
Okay, then.
Unknown command.
Press: ? - help, v - describe, . - travel, g - get item
Here: a lindwurm (lightly wounded, ally target) Item here: a lindwurm corpse.
The floor, spattered with blood.
Unknown command.
Your skin crawls.
You feel strong-willed. The lindwurm bites your orc warrior!
The lindwurm claws your orc warrior but does no damage. x2
Your orc warrior hits the lindwurm with a +0 glaive!
Your orc hits the lindwurm but does no damage.
Your orc barely misses the lindwurm.
Your orc hits the lava snake with a +0 hand axe.
Your orc warrior hits the lindwurm with a +0 short sword!
Your orc priest invokes the aid of Beogh against the lindwurm.
The lindwurm is smitten.
The lindwurm breathes flames at you.
The blast of flame hits your orc warrior!!!
Your orc warrior dies!
Your orc warrior's corpse dissolves into shadows!
The blast of flame hits you!!
You die...

#.########.#
#§8§8≈#
###.....
...........#
#≈??$○#
#.......
#.....####.#
#≈$..S#
###.....
#####.# ###
#S^^.S#
##...# #.#
##'oo##
####.## #.#
#.ok..#
#...... #.#
##'''##
#.###.# #.#
###†o.# #.#
#.# ## #.#
##.@†### #.#
#†# .# #.#
#.##^# #.#
#.# .# #.#
##..÷### #.#
#.# .# #.#
####[^###
#.# #.#
.####.#
#)...## #.#
#.# ......#
#.###.#
#.###.#
.######
##...##
#.##... .#
##'###
#....#. .#
#8.8#
####...


You could see a lindwurm (catching breath, ally target), 2 lava snakes, a
friendly orc warrior (summoned), a friendly orc priest (summoned) and 2 friendly
orcs.

Vanquished Creatures
  Kirke (Lair:4)
  A fire dragon (Lair:5)
  9 hydras
  3 boulder beetles (D:12)
  A two-headed ogre (D:10)
  7 death yaks
  A dancing weapon (Lair:2)
  The ghost of diiiiiane the Eclecticist, a journeyman DEFE of Vehumet (Lair:2)
  Urug (Lair:4)
  Amaemon (Lair:1)
  4 skeletal warriors
  A lindwurm (Lair:5)
  A wolf spider (D:12)
  3 cyclopes
  A manticore (D:12)
  8 black mambas
  16 elephants
  3 molten gargoyles (Lair:5)
  A gargoyle (D:11)
  Maggie (D:9)
  8 cane toads
  5 rime drakes
  An orange demon (Lair:1)
  A torpor snail (Lair:5)
  2 unseen horrors
  Psyche (D:11)
  A kobold demonologist (D:12)
  9 komodo dragons
  A polar bear (Lair:4)
  4 trolls
  11 blink frogs
  2 hornets
  4 slime creatures (D:12)
  10 dream sheep
  A tarantella (D:12)
  2 jumping spiders (D:12)
  2 wraiths
  38 yaks
  3 wyverns
  3 shadows
  Grum (D:9)
  4 hogs (Lair:4)
  6 basilisks
  A redback (D:12)
  2 vampire mosquitoes (D:11)
  4 steam dragons
  The ghost of LaMa the Poker, an amateur MfGl (D:5)
  A two-headed ogre zombie (D:11)
  3 acid dragons
  15 water moccasins
  7 nagas (Lair:2)
  4 hell hounds (Lair:5)
  2 ice beasts
  4 orc warriors
  A sky beast (D:8)
  7 black bears
  3 ogres
  8 centaurs
  7 wolves
  2 phantoms
  A kobold brigand (D:9)
  11 bullfrogs
  A gnoll sergeant (D:4)
  A necrophage (D:7)
  3 scorpions
  9 wights
  2 troll zombies (D:11)
  4 killer bees (D:9)
  A howler monkey (D:9)
  5 lava snakes (Lair:5)
  2 centaur zombies (D:5)
  7 jellies
  4 hounds
  9 orc priests
  An iguana (D:6)
  20 orc wizards
  9 hell rats (Lair:5)
  A killer bee zombie (D:5)
  5 ogre zombies (D:11)
  A howler monkey zombie (D:5)
  3 gnolls (D:4)
  8 adders
  A river rat (Sewer)
  2 shadow imps (D:7)
  3 ufetubi
  6 worms
  7 dart slugs
  38 orcs
  5 bats
  11 endoplasms
  11 giant cockroaches
  7 hobgoblins
  7 jackals
  10 quokkas
  11 ball pythons
  2 frilled lizards (D:1)
  6 goblins
  2 goblin skeletons (D:11)
  3 goblin zombies (D:11)
  5 hobgoblin zombies (D:11)
  13 kobolds
  2 orc skeletons (D:11)
  13 orc zombies (D:11)
  18 rats
  A spectral orc (D:7)
549 creatures vanquished.

Vanquished Creatures (collateral kills)
  Snorg (Lair:5)
  A catoblepas (Lair:2)
  7 death yaks (Lair:1)
  A lindwurm (D:12)
  A komodo dragon (Lair:1)
  A wyvern (Lair:1)
  3 yaks (Lair:5)
  2 black bears (Lair:1)
  An ogre (D:7)
  3 wolves (Lair:1)
  2 orc priests (D:7)
  3 hell rats (Lair:5)
  3 orc wizards (D:7)
  An orc (D:7)
30 creatures vanquished.

Vanquished Creatures (others)
  A human (Lair:4)
  An orc wizard (D:4)
  33 fungi
  25 plants
  6 toadstools (D:2)
66 creatures vanquished.

Grand Total: 645 creatures vanquished

Notes
Turn   | Place    | Note
-------+----------+-------------------------------------------
     0 | D:1      | Gabide the Mummy Berserker began the quest for the Orb.
     0 | D:1      | Reached XP level 1. HP: 18/18 MP: 1/1
   421 | D:1      | Reached XP level 2. HP: 24/24 MP: 2/2
   525 | D:1      | Found Amengan's Weapon Shop.
   721 | D:1      | Found Plog's Distillery.
  1012 | D:1      | Reached skill level 3 in Unarmed Combat
  1014 | D:1      | Reached ** piety under Trog
  1203 | D:2      | Found a hide-covered altar of Uskayaw.
  1208 | D:2      | Gained mutation: You are in touch with the powers of death.
                  | [Mummy growth]
  1208 | D:2      | Reached XP level 3. HP: 29/29 MP: 3/3
  1673 | D:2      | Found a faded altar of an unknown god.
  1821 | D:2      | Reached XP level 4. HP: 32/35 MP: 4/4
  2652 | D:3      | Found the +8 mithril axe "Arga" {speed, Will+}
  2682 | D:3      | Reached *** piety under Trog
  3119 | D:4      | Reached XP level 5. HP: 42/42 MP: 5/5
  3260 | D:4      | Found a glowing drain.
  3278 | D:4      | Reached skill level 4 in Unarmed Combat
  3512 | Sewer    | Entered a sewer
  3616 | Sewer    | Reached XP level 6. HP: 43/48 MP: 6/6
  3678 | Sewer    | Found a viscous altar of Jiyva.
  4276 | D:4      | Found an ancient bone altar of Kikubaaqudgha.
  4317 | D:4      | Reached skill level 5 in Unarmed Combat
  4317 | D:4      | Reached XP level 7. HP: 52/55 MP: 7/7
  4569 | D:5      | Entered Level 5 of the Dungeon
  4658 | D:5      | Reached **** piety under Trog
  4659 | D:5      | Reached skill level 5 in Fighting
  4818 | D:5      | Found a faded altar of an unknown god.
  4824 | D:5      | Found a faded altar of an unknown god.
  4826 | D:5      | Found a stormy altar of Qazlal.
  4831 | D:5      | Found a shimmering blue altar of Sif Muna.
  4971 | D:5      | Found Reuhulet's Weapon Boutique.
  4994 | D:5      | Noticed LaMa's ghost (amateur MfGl)
  4997 | D:5      | Found a transporter.
  5221 | D:5      | Found a transporter.
  5789 | D:5      | Killed LaMa's ghost
  5790 | D:5      | Reached skill level 6 in Unarmed Combat
  5790 | D:5      | Reached XP level 8. HP: 35/63 MP: 8/8
  6118 | D:6      | Found Tifumut's General Store.
  6121 | D:6      | Found Wephura's Magic Scroll Boutique.
  6123 | D:6      | Found Ukka's Magic Scroll Boutique.
  6161 | D:6      | Bought a scroll of identify for 28 gold pieces
  6161 | D:6      | Bought a scroll of identify for 28 gold pieces
  6162 | D:6      | Found Ibazyvibb's Distillery.
  6174 | D:6      | Bought a scroll of teleportation for 36 gold pieces
  6174 | D:6      | Bought a scroll of enchant armour for 90 gold pieces
  6174 | D:6      | Bought a scroll of fear for 48 gold pieces
  6174 | D:6      | Bought a scroll of teleportation for 36 gold pieces
  6174 | D:6      | Bought a scroll of enchant armour for 90 gold pieces
  6180 | D:6      | Found a sacrificial altar of Ru.
  6224 | D:6      | Noticed a hornet
  6231 | D:6      | Killed a hornet
  6232 | D:6      | Reached skill level 7 in Unarmed Combat
  6260 | D:6      | Reached skill level 5 in Dodging
  6324 | D:6      | Reached XP level 9. HP: 64/71 MP: 9/9
  6474 | D:6      | Found Wajocran's Weapon Shop.
  6579 | D:6      | Found Tojylal's Lightly-Used Armoury.
  6728 | D:7      | Found a staircase to the Ecumenical Temple.
  7031 | D:7      | Found a basalt altar of Yredelemnul.
  7065 | D:7      | Reached skill level 8 in Unarmed Combat
  7379 | D:7      | Found a transporter.
  7422 | D:7      | Found a transporter.
  7708 | D:8      | Reached skill level 9 in Unarmed Combat
  8047 | D:8      | Identified the +1 chain mail "Bugum" {Str+3 SInv}
  8118 | D:9      | Reached XP level 10. HP: 80/80 MP: 10/10
  8151 | D:9      | Found an ornate altar of the Wu Jian Council.
  8760 | D:9      | Noticed Grum
  8774 | D:9      | Killed Grum
  9080 | D:9      | Reached ***** piety under Trog
  9202 | D:9      | Found a bloodstained altar of Trog.
  9339 | D:9      | Noticed Maggie
  9359 | D:9      | Killed Maggie
  9360 | D:9      | Reached skill level 10 in Unarmed Combat
  9818 | D:10     | Entered Level 10 of the Dungeon
  9846 | D:10     | Noticed a two-headed ogre
  9863 | D:10     | Killed a two-headed ogre
 10615 | D:10     | Reached XP level 11. HP: 80/89 MP: 11/11
 10964 | D:11     | Noticed Psyche
 10982 | D:11     | Killed Psyche
 11249 | D:11     | Reached skill level 11 in Unarmed Combat
 11262 | D:11     | Found a staircase to the Orcish Mines.
 11441 | D:11     | Identified the +0 plate armour of a bazaar {rPois MP+9
                  | SInv}
 11911 | D:11     | Received a gift from Trog
 12013 | D:11     | Found a staircase to the Lair.
 12136 | Lair:1   | Entered Level 1 of the Lair of Beasts
 12174 | Lair:1   | Noticed a six-headed hydra
 12189 | D:11     | Killed a six-headed hydra
 12356 | Lair:1   | Reached skill level 10 in Fighting
 12584 | Lair:1   | Noticed a death yak
 12584 | Lair:1   | Noticed a death yak
 12590 | Lair:1   | Killed a death yak
 12596 | Lair:1   | Noticed a death yak
 12596 | Lair:1   | Noticed a death yak
 12599 | Lair:1   | Noticed a death yak
 12599 | Lair:1   | Killed a death yak
 12602 | Lair:1   | Killed a death yak
 12603 | Lair:1   | Reached skill level 12 in Unarmed Combat
 12605 | Lair:1   | Killed a death yak
 12606 | Lair:1   | Reached XP level 12. HP: 76/98 MP: 12/12
 12609 | Lair:1   | Killed a death yak
 12920 | Lair:1   | Noticed Amaemon
 12931 | Lair:1   | Killed Amaemon
 13031 | Lair:1   | Found a runed translucent gate.
 13043 | Lair:1   | Noticed a death yak
 13043 | Lair:1   | Noticed a death yak
 13044 | Lair:1   | Noticed a death yak
 13044 | Lair:1   | Noticed a death yak
 13055 | Lair:1   | Killed a death yak
 13058 | Lair:1   | Killed a death yak
 13062 | Lair:1   | Killed a death yak
 13064 | Lair:1   | Killed a death yak
 13706 | Lair:1   | Found a runed translucent gate.
 13706 | Lair:1   | Found a runed translucent gate.
 13707 | Lair:1   | Noticed TangoThomas's ghost (journeyman DsCA)
 13788 | Lair:2   | Found a runed translucent door.
 13788 | Lair:2   | Found a shimmering altar of Xom.
 13788 | Lair:2   | Noticed diiiiiane's ghost (journeyman DEFE)
 13850 | Lair:2   | Found a staircase to the Snake Pit.
 13966 | Lair:2   | Noticed a five-headed hydra
 13969 | Lair:2   | Noticed a catoblepas
 13975 | Lair:2   | Killed a five-headed hydra
 13977 | Lair:2   | Killed a catoblepas
 13978 | Lair:2   | Reached skill level 13 in Unarmed Combat
 14300 | Lair:2   | Identified the +10 dagger "Edavafoq" {vorpal, *Corrode rC+
                  | Dex+4}
 14504 | Lair:2   | Found a staircase to the Shoals.
 14965 | Lair:2   | Killed diiiiiane's ghost
 15237 | Lair:3   | Noticed a six-headed hydra
 15244 | Lair:3   | Killed a six-headed hydra
 15281 | Lair:3   | Gained mutation: You are strongly in touch with the powers
                  | of death. [Mummy growth]
 15281 | Lair:3   | Reached XP level 13. HP: 50/106 MP: 13/13
 16266 | Lair:3   | Reached skill level 10 in Dodging
 16762 | Lair:2   | Reached skill level 14 in Unarmed Combat
 17827 | Lair:4   | Noticed Urug
 17842 | Lair:4   | Killed Urug
 18513 | Lair:4   | Identified the +6 glaive of Boisch {spect, rC+ SInv}
 18513 | Lair:4   | Noticed Kirke
 18525 | Lair:4   | Noticed a sphinx
 18531 | Lair:4   | Killed Kirke
 19958 | Lair:4   | Identified the +2 hat "Vuetseul" {Drain rPois Regen+ rCorr}
 20147 | Lair:5   | Entered Level 5 of the Lair of Beasts
 20238 | Lair:4   | Reached XP level 14. HP: 88/116 MP: 14/14
 20384 | Lair:5   | Reached skill level 15 in Unarmed Combat
 20737 | Lair:5   | Found a staircase to the Slime Pits.
 20739 | Lair:5   | Found a viscous altar of Jiyva.
 20760 | Lair:5   | Noticed Snorg
 20768 | Lair:5   | Killed Snorg
 21284 | Lair:5   | Found a large runed translucent door.
 21300 | Lair:5   | Found a large runed translucent door.
 21433 | Lair:5   | Received a gift from Trog
 23107 | D:12     | Found a runed translucent door.
 23130 | D:12     | Found a runed translucent gate.
 23130 | D:12     | Found a runed translucent gate.
 23136 | D:12     | Found a runed translucent gate.
 23136 | D:12     | Found a runed translucent gate.
 23136 | D:12     | Found a runed translucent gate.
 23136 | D:12     | Found a runed translucent gate.
 23325 | D:12     | Identified the +4 whip of Ipsoj {protect, Str+4}
 23396 | D:12     | Killed from afar by a lindwurm

Illustrated notes

Levels and vault maps discovered:
D:1:      dpeg_arrival_round_c, layout_basic, serial_shops,
          nicolae_shop_window_shopping, nicolae_shop_bloodbath_and_beyond,
          kennysheep_nondescript
D:2:      layout_rooms, basic_altar, shapermc_ecumenical_altar_ellora,
          minmay_gold_behind_fungi
D:3:      minmay_octagon_keep, layout_basic
D:4:      layout_rooms, mainiacjoe_overflow_boulevard, portal_sewer_entry_f,
          minmay_misc_feat_nine_boxes
D:5:      layout_loops_cross, chequers_temple_overflow_minitemple, serial_shops,
          nicolae_shop_stone, gammafunk_ghost_mausoleum, kennysheep_nub
D:6:      minmay_flawed_box, layout_rooms, mainiacjoe_overflow_small_starburst,
          serial_shops, shop, minmay_shop_grid_forest, minmay_shop_damaged
D:7:      gammafunk_beogh_shrine, layout_rooms,
          yredelemnul_forgotten_temple_becter, minmay_temple_entry_glass,
          minmay_fractal_squares_5
D:8:      layout_basic
D:9:      layout_small_grid, general_overflow_altar, david_defended_altar_orc,
          uniq_maggie, uniq_grum
D:10:     layout_roguey
D:11:     layout_loops_cross, lair_entry_dummy, zombieorc2_lemuel,
          lemuel_old_faithful, uniq_psyche
D:12:     gammafunk_indiana_jones, layout_loops_ring
Lair:1:   layout_layer_cave, gammafunk_ghost_necromancy, beast_lair_carwin_8,
          infiniplex_staircase_pool_2, lemuel_fruit_fields, uniq_amaemon
Lair:2:   layout_loops_ring, elwin_shoals_entry_rocks,
          minmay_snake_entry_guardpost_medium, ebering_ghost_xom
Lair:3:   layout_concentric_octagons
Lair:4:   layout_cave_pods, grunt_megastairs_4, uniq_urug, uniq_kirke
Lair:5:   cheibrodos_lair_end_hotspot, layout_gridlike, dpeg_slime_entry_corner,
          uniq_snorg

Skill      XL: |  1  2  3  4  5  6  7  8  9 10 11 12 13 14 |
---------------+-------------------------------------------+-----
Unarmed Combat | 3 4 5 6 7 9 10 12 13 14 15 | 15.8
Dodging        | 2 3 4 5 6 7 8 9 10 11 | 11.6
Fighting       | 4 5 6 7 9 10 11 12 13 | 13.7
Armour         | 4 |  4.0

Action                   |  1- 3 |  4- 6 |  7- 9 | 10-12 | 13-15 || total
-------------------------+-------+-------+-------+-------+-------++-------
Melee: Unarmed           |   121 |    25 |       |   223 |   869 ||  1238
       Punch             |     2 |     4 |    11 |    40 |   106 ||   163
       Short sword       |       |    46 |       |       |       ||    46
       Broad axe         |       |   114 |   245 |   283 |    31 ||   673
 Fire: Sling             |    63 |    65 |     5 |       |       ||   133
Throw: Boomerang         |       |       |     1 |     7 |    25 ||    33
       Javelin           |       |       |       |     9 |    13 ||    22
       Throwing net      |       |       |       |     2 |       ||     2
Invok: Trog's Hand       |       |     2 |     5 |     6 |    10 ||    23
       Brothers in Arms  |       |       |     1 |     4 |     4 ||     9
Evoke: Wand              |       |       |       |     7 |       ||     7
  Use: Scroll            |       |     9 |     7 |     4 |     7 ||    27
 Stab: Distracted        |       |       |       |     1 |     1 ||     2
Armor: Animal skin       |     3 |       |       |       |       ||     3
       Ring mail         |    26 |    95 |   135 |   299 |   387 ||   942
Dodge: Dodged            |    62 |   105 |   142 |   414 |   616 ||  1339
Block: Other             |       |       |       |       |   114 ||   114
